 Dungeon Sprint DCSS version 0.14-a0-3520-g290746a (webtiles) character file.

5597 BluebellGnoll the Unseen (level 10, -12/44 HPs)
             Began as a Spriggan Enchanter on Mar 27, 2014.
             Was an Initiate of Vehumet.
             Mangled by a tentacle (14 damage)
             ... attached to a kraken
             ... in the Dungeon (Sprint II: "The Violet Keep of Menkaure").
             The game lasted 00:07:40 (866 turns).

BluebellGnoll the Unseen (Spriggan Enchanter)        Turns: 866, Time: 00:07:40

HP -12/44        AC  3     Str  4      XL: 10   Next: 13%
MP  34/34        EV 18     Int 21      God: Vehumet [......]
Gold 1218        SH  0     Dex 16      Spells:  6 memorised, 20 levels left

rFire  . . .     SeeInvis +     a - +1 dagger (curse)
rCold  . . .     Clarity  .     b - +1 robe
rNeg   . . .     Conserve .     (shield restricted)
rPois  .         rCorr    .     (helmet restricted)
rElec  .         rRot     .     (no cloak)
SustAb . .       Spirit   .     (gloves unavailable)
rMut   .         Warding  .     (boots unavailable)
Saprov . . .     NoTele   +     (no amulet)
MR     +....                    (no ring)
                                (no ring)

@: very quick, somewhat resistant to hostile enchantments, extraordinarily
stealthy
A: unfitting armour, see invisible, herbivore 3, speed 3, slow metabolism 2
a: Renounce Religion


You were in the Dungeon.
You worshipped Vehumet.
Vehumet was noncommittal.
You were not hungry.

You visited 1 branch You collected 1218 gold pieces.

Inventory:

Hand weapons
 a - a cursed +1,+1 dagger (weapon)
Missiles
 d - 12 darts (quivered)
Armour
 b - a +1 robe (worn)
Scrolls
 j - a scroll of identify {unknown}
 k - a scroll of blinking
 l - a scroll of remove curse {unknown}
Potions
 e - a potion of porridge
 f - a potion of curing
 g - a potion of heal wounds
 h - a potion of haste
 i - 2 potions of magic
Books
 c - a book of Maledictions

   Spells                             Type                      Level
   *Corona                            Hexes                        1
   *Sure Blade                        Hexes/Charms                 2
   *Ensorcelled Hibernation           Hexes/Ice                    2
   *Confuse                           Hexes                        3
   *Enslavement                       Hexes                        4
   *Invisibility                      Hexes                        6


   Skills:
 * Level 13.7 Short Blades
 - Level 1.1 Throwing
 * Level 3.0 Dodging
 + Level 17.7 Stealth
 - Level 14.6 Spellcasting
 - Level 12.5 Hexes


You had 20 spell levels left.
You knew the following spells:

 Your Spells              Type           Power        Failure   Level  Hunger
a - Corona                Hex            ######.      1%          1    None
b - Ensorcelled Hibernat  Hex/Ice        #####.       1%          2    None
c - Confuse               Hex            ######..     1%          3    None
d - Sure Blade            Hex/Chrm       #####.....   1%          2    None
e - Enslavement           Hex            ######..     1%          4    None
f - Invisibility          Hex            ######..     4%          6    #####..


Dungeon Overview and Level Annotations

Branches:
Dungeon (1/1)

Altars:
Cheibriados
Dithmenos
Elyvilon
Fedhas
Kikubaaqudgha
Makhleb
Nemelex Xobeh
Okawaru
Sif Muna
Trog
Vehumet
Xom
Yredelemnul
Zin
The Shining One
Beogh
Jiyva
Lugonu


Innate Abilities, Weirdness & Mutations

You are tiny and cannot use many weapons and most armour.
You have supernaturally acute eyesight.
You are a herbivore.
You cover ground extremely quickly.
You need consume almost no food.


Message History

The tentacle barely misses you.
A tentacle rises from the water!
The tentacle slaps you!
Found a cloak.
You open the door.
Tentacles burst out of the water!
The tentacle barely misses you.
Found four items.
There is an open door here.
The tentacle slaps you!
Found two items.
You see here a spear.
There's a creature in the doorway!
The tentacle barely misses you.
Found 12 gold pieces.
You see here a robe.
The tentacle slaps you!
* * * LOW HITPOINT WARNING * * *
Found a scroll labeled QOBASU MAUSK.
You see here 24 bolts.
The tentacle slaps you!
You die...

### ▓▓▓▓▓▓ ..#
≈≈≈≈§≈▓▓ ..# ▓▓▓▓▓▓▓▓▓
..# l [?$[!([?▓▓ #.# n
)▓)![($?[$▓▓ '.##.
)▓)"(??($?▓▓
#...####▓$?!((()=▓▓
##..##)#▓)$?!((?@▓▓
.'..#%%#▓?)$?[!$w▓▓
.#..#.%#▓?!$%(!)*▓▓
##..##.#▓?$?!!!*)▓▓
###...##▓▓▓▓▓▓▓*▓▓▓▓+▓
..≈≈≈≈%≈≈§§§≈≈≈.**Xw≈▓
..≈#'########≈###.≈w≈▓
..≈#_._.....#≈≈§##≈≈≈▓
≈.≈#._._....#§≈≈§####▓


You could see a kraken and a tentacle.

Vanquished Creatures
  A fire dragon (D)
  2 unseen horrors (D)
  A mermaid (D)
  3 polar bears (D)
  A yaktaur (D)
  A baby alligator (D)
  2 boulder beetles (D)
  Menkaure (D)
  A yellow wasp (D)
  A crocodile (D)
  4 brain worms (D)
  3 giant slugs (D)
  4 big fish (D)
25 creatures vanquished.

Vanquished Creatures (others)
  14 tentacles (D)
  97 tentacle segments (D)
111 creatures vanquished.

Grand Total: 136 creatures vanquished

Notes
Turn   | Place    | Note
--------------------------------------------------------------
     0 | D        | BluebellGnoll, the Spriggan Enchanter, began the quest for the Orb.
     0 | D        | Reached XP level 1. HP: 9/9 MP: 4/4
     1 | D        | Noticed a boulder beetle
     1 | D        | Noticed a boulder beetle
     4 | D        | Noticed a mermaid
     7 | D        | Noticed a giant slug
     7 | D        | Noticed a giant slug
     7 | D        | Noticed a giant slug
    10 | D        | Noticed a brain worm
    10 | D        | Noticed a brain worm
    10 | D        | Noticed a brain worm
    10 | D        | Noticed a brain worm
    16 | D        | Killed a brain worm
    16 | D        | Reached skill level 12 in Stealth
    16 | D        | Reached XP level 2. HP: 13/13 MP: 7/7
    16 | D        | Reached XP level 3. HP: 16/16 MP: 9/9
    16 | D        | Reached XP level 4. HP: 21/21 MP: 12/12
    21 | D        | Killed a brain worm
    21 | D        | Reached skill level 14 in Stealth
    21 | D        | Reached XP level 5. HP: 24/24 MP: 14/14
    27 | D        | Killed a brain worm
    27 | D        | Reached skill level 16 in Stealth
    35 | D        | Killed a brain worm
    35 | D        | Reached skill level 17 in Stealth
    49 | D        | Learned a level 2 spell: Ensorcelled Hibernation
    53 | D        | Learned a level 3 spell: Confuse
    56 | D        | Learned a level 2 spell: Sure Blade
    70 | D        | Killed a mermaid
    70 | D        | Reached XP level 6. HP: 28/28 MP: 10/23
    70 | D        | Reached XP level 7. HP: 32/32 MP: 10/25
    84 | D        | Learned a level 4 spell: Enslavement
    91 | D        | Learned a level 6 spell: Invisibility
   155 | D        | Killed a giant slug
   327 | D        | Killed a giant slug
   335 | D        | Killed a giant slug
   335 | D        | Reached skill level 10 in Hexes
   429 | D        | Killed a boulder beetle
   429 | D        | Reached skill level 10 in Spellcasting
   437 | D        | Killed a boulder beetle
   437 | D        | Reached XP level 8. HP: 36/36 MP: 23/30
   448 | D        | Noticed Menkaure
   456 | D        | Killed Menkaure
   460 | D        | Found a basalt altar of Yredelemnul.
   461 | D        | Found a viscous altar of Jiyva.
   461 | D        | Found a snail-covered altar of Cheibriados.
   462 | D        | Found a corrupted altar of Lugonu.
   463 | D        | Noticed a baby alligator
   467 | D        | Noticed a crocodile
   473 | D        | Killed a crocodile
   479 | D        | Killed a baby alligator
   540 | D        | Found a radiant altar of Vehumet.
   540 | D        | Found an ancient bone altar of Kikubaaqudgha.
   540 | D        | Found a shimmering altar of Xom.
   541 | D        | Found a burning altar of Makhleb.
   541 | D        | Found a blossoming altar of Fedhas.
   541 | D        | Found an iron altar of Okawaru.
   541 | D        | Found a shadowy altar of Dithmenos.
   557 | D        | Found a glowing silver altar of Zin.
   557 | D        | Found a bloodstained altar of Trog.
   558 | D        | Noticed a yaktaur
   558 | D        | Noticed a yellow wasp
   558 | D        | Noticed a polar bear
   559 | D        | Noticed a polar bear
   559 | D        | Noticed a polar bear
   560 | D        | Killed a polar bear
   561 | D        | Killed a polar bear
   563 | D        | Killed a yellow wasp
   563 | D        | Reached XP level 9. HP: 39/39 MP: 24/33
   564 | D        | Killed a polar bear
   564 | D        | Reached skill level 5 in Short Blades
   566 | D        | Killed a yaktaur
   577 | D        | Noticed an unseen horror
   578 | D        | Noticed an unseen horror
   579 | D        | Killed an unseen horror
   579 | D        | Reached skill level 10 in Short Blades
   590 | D        | Killed an unseen horror
   599 | D        | Noticed a fire dragon
   600 | D        | Killed a fire dragon
   600 | D        | Reached XP level 10. HP: 23/44 MP: 13/34
   703 | D        | Found a roughly hewn altar of Beogh.
   703 | D        | Found a glowing golden altar of the Shining One.
   703 | D        | Found a deep blue altar of Sif Muna.
   704 | D        | Found a sparkling altar of Nemelex Xobeh.
   706 | D        | Noticed a big fish
   716 | D        | Killed a big fish
   721 | D        | Noticed a big fish
   722 | D        | Noticed a kraken
   724 | D        | Noticed a big fish
   739 | D        | Killed a big fish
   744 | D        | Noticed a big fish
   750 | D        | Noticed a big fish
   757 | D        | Noticed a death drake
   757 | D        | Noticed a plague shambler
   761 | D        | Killed a big fish
   782 | D        | Noticed a big fish
   795 | D        | Killed a big fish
   798 | D        | Found a white marble altar of Elyvilon.
   810 | D        | Became a worshipper of Vehumet
   865 | D        | HP: 2/44 [tentacle[a kraken] (12)]
   866 | D        | Mangled by a tentacle

Action                   |  1- 3 |  4- 6 |  7- 9 | 10-12 || total
-------------------------+-------+-------+-------+-------++-------
Melee: Dagger            |     5 |    19 |    37 |     4 ||    65
 Cast: Sure Blade        |       |     1 |     5 |       ||     6
       Confuse           |       |       |    21 |       ||    21
       Ensorcelled Hiber |       |       |     5 |     4 ||     9
       Invisibility      |       |       |     1 |       ||     1
  Use: Potion            |     1 |       |       |       ||     1
 Stab: Sleeping          |       |     1 |    11 |     4 ||    16
       Confused          |       |       |     8 |       ||     8
